 Dungeon Sprint DCSS version 0.31-a0-965-g8a8ce12e04 (webtiles) character file.

Game seed: 18021362404408866850

353 rocky1 the Ruffian (level 6, 0/62 HPs)
             Began as an Ogre Shapeshifter on Oct 27, 2023.
             Was a High Priest of Cheibriados.
             Slain by a jelly (1 damage)
             ... in the Dungeon (Sprint VII: "The Pits").
             The game lasted 00:02:05 (475 turns).

rocky1 the Ruffian (Ogre Shapeshifter)               Turns: 475, Time: 00:02:06

Health: 0/62       AC: -5    Str: 33    XL:     6   Next: 62%
Magic:  4/10       EV: 13    Int: 25    God:    Cheibriados [*****.]
Gold:   0          SH:  0    Dex: 24    Spells: 5/5 levels left

rFire   . .          .
                       - Unarmed
rCold   . . .        (no shield)
rNeg    . . .        a - +0 animal skin
rPois   .            (helmet currently unavailable)
rElec   .            (cloak currently unavailable)
rCorr   .            (gloves unavailable)
SInv    .            (boots unavailable)
Will    .....        (no amulet)
Stlth   ++           (no ring)
HPRegen 0.30/turn    (no ring)
MPRegen 0.12/turn

%: no teleportation
@: beast-form, corroded, very slow
A: beast (slay +4), large, unfitting armour, tough skin 1
a: Begin Untransformation, Renounce Religion, Bend Time, Temporal Distortion,
Slouch, Step From Time


You were in the Dungeon.
You worshipped Cheibriados.
Cheibriados was extremely pleased with you.
You were a hulking beast.
You visited 1 branch

Inventory:

Armour
 a - a +0 animal skin (worn)
Talismans
 c - a beast talisman
 d - a flux talisman
Scrolls
 j - a scroll of blinking
 l - 2 scrolls of vulnerability
 m - 5 scrolls of amnesia
 n - a scroll of summoning
Potions
 b - 4 potions of curing
 f - 5 potions of heal wounds
 g - a potion of haste
 h - 4 potions of magic
 i - 3 potions of berserk rage
 k - 2 potions of invisibility


   Skills:
 + Level 4.1 Fighting
 + Level 4.2 Dodging
 + Level 0.2 Stealth
 + Level 7.9 Unarmed Combat
 * Level 6.1 Invocations
 + Level 7.6 Shapeshifting


You had 5 spell levels left.
You didn't know any spells.
Your spell library was empty.

Dungeon Overview and Level Annotations

Branches:
Dungeon (1/1)

Altars:
Ashenzari
Cheibriados
Dithmenos
Elyvilon
Fedhas
Gozag
Hepliaklqana
Kikubaaqudgha
Makhleb
Nemelex Xobeh
Okawaru
Qazlal
Ru
Sif Muna
Trog
Uskayaw
Vehumet
Wu Jian
Xom
Yredelemnul
Zin
The Shining One
Jiyva
Lugonu


Innate Abilities, Weirdness & Mutations

You are a hulking beast.
Your limbs bulge with bestial killing power. (Slay +4)
You are too large for most types of armour.
You have tough skin. (AC +1)


Message History

The adder poisons you! The adder closely misses you.
You feel sick. The adder bites you but does no damage.
The adder completely misses you.
Unknown command.
You closely miss the adder.
You feel sick. The adder barely misses you.
You closely miss the adder.
You feel sick. The adder closely misses you.
You punch the adder!
The adder is heavily wounded.
The adder closely misses you.
You completely miss the adder.
The adder is heavily wounded.
You feel sick. The adder misses you.
You punch the adder!
You kill the adder!
Cheibriados thoroughly appreciates the change of pace.
Cheibriados raises the support of your attributes as your movement slows.
You feel sick. The jelly hits you.
* * * LOW HITPOINT WARNING * * *
The acid corrodes you!
You are splashed with acid!
* * * LOW HITPOINT WARNING * * *
The jelly closely misses you.
You see here an adder corpse.
Unknown command.
You feel much better. The jelly hits you. The acid corrodes you!
You are splashed with acid!
* * * LOW HITPOINT WARNING * * *
You hit the jelly but do no damage.
Your hands burn!
* * * LOW HITPOINT WARNING * * *
You feel sick.
You are no longer poisoned.
The jelly barely misses you.
You hit the jelly.
Your hands burn!
* * * LOW HITPOINT WARNING * * *
The jelly is lightly wounded.
The jelly closely misses you.
You punch the jelly!
Your hands burn!
* * * LOW HITPOINT WARNING * * *
The jelly is almost dead.
The jelly hits you.
You die...

#'#####÷#####.....
#.#..#..#[[##.....
#.#..'..#))#####'#
#.#..####))##.....
#.#..#..#))##.....
#.#..#..#..##.....
#.##)#..#'###...<.
#.#........##.....
#h#........##.....
#J###########.....
#)......# ######
#...#g..# #)..# .#
#.##.# #.) #.. #.†
...# #... ..+


You could see a jelly.

Vanquished Creatures
  A fire bat (D)
  A gnoll sergeant (D)
  A scorpion (D)
  Jessica (D)
  3 gnolls (D)
  2 adders (D)
  2 river rats (D)
  An adder zombie (D)
  A giant cockroach (D)
  A kobold (D)
  A quokka (D)
  3 bats (D)
18 creatures vanquished.

Notes
Turn   | Place    | Note
-------+----------+-------------------------------------------
     0 | D        | rocky1 the Ogre Shapeshifter began the quest for the Orb.
     0 | D        | Reached XP level 1. HP: 19/19 MP: 1/1
    22 | D        | Found a bloodstained altar of Trog.
    22 | D        | Found a shimmering blue altar of Sif Muna.
    22 | D        | Found a viscous altar of Jiyva.
    22 | D        | Found a hazy altar of Hepliaklqana.
    22 | D        | Found an opulent altar of Gozag.
    23 | D        | Found a glowing golden altar of the Shining One.
    23 | D        | Found a glowing silver altar of Zin.
    23 | D        | Found a basalt altar of Yredelemnul.
    23 | D        | Found a shimmering altar of Xom.
    23 | D        | Found an ornate altar of the Wu Jian Council.
    23 | D        | Found a sacrificial altar of Ru.
    23 | D        | Found a stormy altar of Qazlal.
    23 | D        | Found an iron altar of Okawaru.
    23 | D        | Found a sparkling altar of Nemelex Xobeh.
    23 | D        | Found a burning altar of Makhleb.
    23 | D        | Found a blossoming altar of Fedhas.
    23 | D        | Found a white marble altar of Elyvilon.
    23 | D        | Found a shadowy altar of Dithmenos.
    23 | D        | Found a snail-covered altar of Cheibriados.
    26 | D        | Found a corrupted altar of Lugonu.
    26 | D        | Found a radiant altar of Vehumet.
    27 | D        | Found an ancient bone altar of Kikubaaqudgha.
    27 | D        | Found a hide-covered altar of Uskayaw.
    27 | D        | Found a broken altar of Ashenzari.
    34 | D        | Became a worshipper of Cheibriados the Contemplative
    71 | D        | Reached * piety under Cheibriados
    92 | D        | Reached skill level 1 in Invocations
    92 | D        | Reached XP level 2. HP: 20/27 MP: 1/3
    94 | D        | Reached ** piety under Cheibriados
   133 | D        | Noticed Jessica
   133 | D        | Noticed a scorpion
   150 | D        | Killed a scorpion
   150 | D        | Reached *** piety under Cheibriados
   151 | D        | Reached skill level 5 in Unarmed Combat
   151 | D        | Reached skill level 5 in Shapeshifting
   151 | D        | Reached XP level 3. HP: 36/36 MP: 3/5
   151 | D        | Reached XP level 4. HP: 44/44 MP: 3/6
   157 | D        | Reached **** piety under Cheibriados
   158 | D        | Killed Jessica
   454 | D        | Noticed a fire bat
   454 | D        | Noticed a gnoll sergeant
   456 | D        | Killed a fire bat
   456 | D        | Reached ***** piety under Cheibriados
   457 | D        | Reached skill level 5 in Invocations
   457 | D        | Reached XP level 5. HP: 50/54 MP: 1/9
   457 | D        | Reached XP level 6. HP: 58/62 MP: 1/10
   475 | D        | HP: 1/62 [acid (5)]
   475 | D        | Slain by a jelly

Illustrated notes

Levels and vault maps discovered:
D:        pitsprint [storerooms_1, entrance_room_1, metal_vault_8, armoury_1,
          mini_pit_1, grid_room_1, main_hall_1, silver_pit, the_coven_1,
          the_vestibule_1, steel_vault_3, golden_pit, hallway_of_sentries,
          crystal_vault_3, iron_vault_4, final_vault]

Skill      XL: |  1  2  3  4  5  6 |
---------------+-------------------+-----
Unarmed Combat | 3 5 7 |  7.9
Dodging        | 2 3 4 |  4.2
Invocations    | 1 3 5 6 |  6.1
Shapeshifting  | 5 7 |  7.6
Fighting       | 2 3 4 |  4.1
Stealth        | |  0.2

Action                     |  1- 3 |  4- 6 || total
---------------------------+-------+-------++-------
  Melee: Unarmed           |    36 |    14 ||    50
 Invoke: Slouch            |       |     1 ||     1
    Use: Potion            |     2 |     2 ||     4
 Armour: Animal skin       |    20 |     9 ||    29
         Skin              |     6 |     5 ||    11
  Dodge: Dodged            |    15 |    10 ||    25

Table legend: (Time is in decaauts)
 A = Elapsed time spent in this place.
 B = Non-inter-level travel time spent in this place.
 C = Inter-level travel time spent in this place.
 D = Time resting spent in this place.
 E = Time spent auto-exploring this place.
 F = Levels seen in this place.
 G = Mean time per level.
                   A        B        C        D        E       F      G
               +--------+--------+--------+--------+--------+-----+--------+
         Total |    522 |    495 |     27 |    280 |      0 |   1 |  522.0 |
       Dungeon |    522 |    495 |     27 |    280 |      0 |   1 |  522.0 |
               +--------+--------+--------+--------+--------+-----+--------+

Top non-repeatable levels by time:
       D: 522 daAuts
